[Event "*** SCC Grand Prix: Titled Tuesday Blitz"]
[Site "Chess.com"]
[Date "2020.07.07"]
[Round "2"]
[White "DenLaz"]
[Black "GM4life"]
[Result "1/2-1/2"]
[WhiteElo "2685"]
[BlackElo "2337"]
[TimeControl "180+1"]
[EndTime "10:21:36 PDT"]
[Termination "Game drawn by repetition"]

1. Nf3 Nf6 2. c4 e6 3. g3 d5 4. Bg2 Be7 5. O-O O-O 6. b3 c5 7. Bb2 Nc6 8. e3 d4 9. exd4 cxd4 10. d3 Bc5 11. Re1 Re8 12. Ne5 Nxe5 13. Rxe5 Qc7 14.
Re1 e5 15. Nd2 Bg4 16. Qc2 Rad8 17. a3 a5 18. Ne4 Nxe4 19. Rxe4 Bf5 20. Re2 Re6 21. Rae1 Rde8 22. Bd5 Rh6 23. Qd2 Rb6 24. Qxa5 Bd6 25. b4 Ra6 26. Qxc7 Bxc7 27. Bxb7 Ra7 28. Be4 Bg4 29. f3 Be6 30. Kg2 g6 31. Bc6 Rb8 32. Rc2 Kg7 33. Bd5 Bf5 34. Rd1 h5 35. c5 h4 36. Bc4 hxg3 37. hxg3 Rh8 38. Rh1 Raa8 39. b5 Rxh1 40. Kxh1 Rh8+ 41. Rh2 Rb8 42. b6 Bxb6 43. cxb6 Rxb6 44. f4 f6 45. Re2 Bg4 46. Re1 Rxb2 47. Bd5 exf4 48. gxf4 Bf5 49. Be4 Rb3 50. a4 Bxe4+ 51. dxe4 Ra3 52. Kg2 Rxa4 53. Kf3 Ra3+ 54. Kg4 Kf7 55. Rd1 d3 56. Kf3 Ke6 57. Ke3 g5 58. fxg5 fxg5 59. Rg1 Kf6 60. Rg2 Kg6 61.
Rg1 Rb3 62. e5 Kf5 63. e6 Rb6 64. Kxd3 Rxe6 65. Rf1+ Kg4 66. Rg1+ Kh4 67. Rh1+ Kg3 68. Rg1+ Kf4 69. Rf1+ Kg4 70. Rg1+ Kh5 71. Rh1+ Kg6 72.
Rg1 Re7 73. Kd4 Re8 74. Kd3 Kf6 75. Rf1+ Kg7 76. Rg1 Kg6 77. Kd4 Re2 78. Kd3 Re5 79. Kd4 Re7 80. Kd3 Kh6 81. Rh1+ Kg7 82. Rg1 Kf6 83.
Rf1+ Kg6 84. Rg1 Rd7+ 85. Ke3 Rf7 86. Rg2 Rf4 87. Rg1 Kh5 88. Rh1+ Kg4 89. Rg1+ Kf5 90. Rg2 g4 91. Ra2 Rf3+ 92. Ke2 Kf4 93. Ra1 Kg3 94.
Rg1+ Kh3 95. Rh1+ Kg2 96. Rh8 g3 97. Rg8 Rf7 98. Ke3 Re7+ 99. Kf4 Rf7+ 100. Ke3 Kh2 101. Ke2 g2 102. Rh8+ Kg1 103. Rg8 Rf5 104. Rg7 Kh2 105. Rh7+ Kg3 106. Rg7+ Kh3 107. Rh7+ Kg3 108. Rg7+ Kh2 109. Rh7+ Kg1 110. Rg7 Rf8 111. Rg6 Rf1 112. Rg7 Ra1 113. Rh7 Ra2+ 114. Ke1 Ra3 115. Ke2 Ra5 116. Rh8 Re5+ 117. Kd2 Kf1 118. Rf8+ Kg1 119. Rh8 Re7 120. Rh6 Re5 121. Rh8 1/2-1/2

[Event "*** SCC Grand Prix: Titled Tuesday Blitz"]
[Site "Chess.com"]
[Date "2020.07.07"]
[Round "3"]
[White "fish7728"]
[Black "dennisodessa"]
[Result "0-1"]
[WhiteElo "2171"]
[BlackElo "2437"]
[TimeControl "180+1"]
[EndTime "10:23:22 PDT"]
[Termination "dennisodessa won by resignation"]

1. d4 e6 2. c4 Nf6 3. Nc3 Bb4 4. f3 c5 5. d5 O-O 6. e4 Re8 7. Bd2 b5 8. a3 Bxc3 9. Bxc3 bxc4 10. Bxc4 exd5 11.
Bxd5 Nc6 12. Ne2 Ba6 13. O-O Nxd5 14. exd5 Bxe2 0-1

[Event "*** SCC Grand Prix: Titled Tuesday Blitz"]
[Site "Chess.com"]
[Date "2020.07.07"]
[Round "3"]
[White "Onegust"]
[Black "cancrushyou"]
[Result "1-0"]
[WhiteElo "2607"]
[BlackElo "2408"]
[TimeControl "180+1"]
[EndTime "10:23:39 PDT"]
[Termination "Onegust won by resignation"]

1. e4 c5 2. Nf3 e6 3. d4 cxd4 4. Nxd4 Nc6 5. Nc3 Qc7 6. Be3 a6 7. Qf3 Nf6 8. O-O-O Ne5 9. Qg3 b5 10. f4 Neg4 11. e5 b4 12. exf6 Nxe3 13. fxg7 1-0

[Event "*** SCC Grand Prix: Titled Tuesday Blitz"]
[Site "Chess.com"]
[Date "2020.07.07"]
[Round "3"]
[White "GAusal"]
[Black "juniortay"]
[Result "1-0"]
[WhiteElo "2063"]
[BlackElo "2358"]
[TimeControl "180+1"]
[EndTime "10:23:47 PDT"]
[Termination "GAusal won by resignation"]

1. e4 e5 2. f4 Nc6 3. Nf3 f5 4. exf5 e4 5. Ng5 Nf6 6. Be2 h5 7. d3 d5 8. dxe4 Qe7 9. e5 Ne4 10. Bxh5+ Kd8 11. Nf7+ Kd7 12. e6+ 1-0

[Event "*** SCC Grand Prix: Titled Tuesday Blitz"]
[Site "Chess.com"]
[Date "2020.07.07"]
[Round "3"]
[White "AlexSuv"]
[Black "ferdipy"]
[Result "1-0"]
[WhiteElo "2575"]
[BlackElo "2374"]
[TimeControl "180+1"]
[EndTime "10:24:00 PDT"]
[Termination "AlexSuv won by resignation"]

1. d4 Nf6 2. c4 e6 3. Nc3 Bb4 4. e3 O-O 5. Ne2 c5 6. a3 Bxc3+ 7.
Nxc3 cxd4 8. exd4 d5 9. Bg5 dxc4 10. Bxc4 Nbd7 11. O-O Qa5 12. Bh4 b6 13. Qf3 Ba6 14.
b4 Qe5 1-0

[Event "*** SCC Grand Prix: Titled Tuesday Blitz"]
[Site "Chess.com"]
[Date "2020.07.07"]
[Round "3"]
[White "TimKett"]
[Black "MateSchmate"]
[Result "0-1"]
[WhiteElo "2166"]
[BlackElo "2416"]
[TimeControl "180+1"]
[EndTime "10:24:04 PDT"]
[Termination "MateSchmate won by resignation"]

1. e4 e6 2. d4 d5 3. Nc3 Bb4 4. e5 c5 5. a3 Bxc3+ 6. bxc3 Qc7 7. Qg4 f5 8. Qg3 Nc6 9. Nf3 cxd4 10. cxd4 Nge7 11. Bd3 Nxd4 12. Nxd4 Qc3+ 13. Bd2 Qxa1+ 14. Ke2 Qxd4 15. Bb4 Ng6 16. Bb5+ Bd7 0-1

[Event "*** SCC Grand Prix: Titled Tuesday Blitz"]
[Site "Chess.com"]
[Date "2020.07.07"]
[Round "3"]
[White "saraswathii"]
[Black "UCantHandleDenker"]
[Result "0-1"]
[WhiteElo "2346"]
[BlackElo "2540"]
[TimeControl "180+1"]
[EndTime "10:24:31 PDT"]
[Termination "UCantHandleDenker won by resignation"]

1. d4 Nf6 2. Bf4 d6 3. e3 g6 4. Nf3 Bg7 5. Be2 O-O 6. c4 c5 7. Nc3 Nc6 8. d5 Na5 9. h3 Bf5 10. Nh4 Bd7 11. O-O a6 12. e4 b5 13. cxb5 axb5 14. e5 Ne8 15. exd6 exd6 16. Nxb5 Bxb5 17. Bxb5 Qxh4 0-1

[Event "*** SCC Grand Prix: Titled Tuesday Blitz"]
[Site "Chess.com"]
[Date "2020.07.07"]
[Round "3"]
[White "HarryCun"]
[Black "sergeikim"]
[Result "1-0"]
[WhiteElo "2194"]
[BlackElo "2399"]
[TimeControl "180+1"]
[EndTime "10:24:36 PDT"]
[Termination "HarryCun won by checkmate"]

1. Nf3 Nf6 2. g3 g6 3. Bg2 Bg7 4. O-O d6 5. d3 O-O 6. Nbd2 c5 7. e4 Nc6 8. Re1 e5 9. h3 h6 10. g4 Be6 11. Nf1 Qd7 12. Ng3 Nd4 13. Nxd4 cxd4 14. f4 exf4 15. Bxf4 Rac8 16. e5 dxe5 17. Bxe5 Nd5 18.
Bxg7 Kxg7 19. Ne4 Ne3 20. Qf3 Nxc2 21. Qf6+ Kh7 22. Qh4 Qd8 23. Nf6+ Kg7 24. Rf1 Nxa1 25. g5 hxg5 26. Qh7# 1-0

[Event "*** SCC Grand Prix: Titled Tuesday Blitz"]
[Site "Chess.com"]
[Date "2020.07.07"]
[Round "3"]
[White "DonBroca"]
[Black "SavelievAlexei"]
[Result "0-1"]
[WhiteElo "2130"]
[BlackElo "2383"]
[TimeControl "180+1"]
[EndTime "10:24:46 PDT"]
[Termination "SavelievAlexei won by resignation"]

1. c4 c5 2. Nc3 Nc6 3. e3 e6 4.
Nf3 Nf6 5. d4 d5 6. Be2 a6 7.
O-O dxc4 8. Bxc4 b5 9. Be2 Bb7 10. Ne5 Qb6 11. dxc5 Bxc5 12. Ne4 Nxe5 0-1

[Event "*** SCC Grand Prix: Titled Tuesday Blitz"]
[Site "Chess.com"]
[Date "2020.07.07"]
[Round "3"]
[White "jefferyx"]
[Black "Evgeny_Ermakov1965"]
[Result "1/2-1/2"]
[WhiteElo "2901"]
[BlackElo "2660"]
[TimeControl "180+1"]
[EndTime "10:25:02 PDT"]
[Termination "Game drawn by agreement"]

1. Nf3 d5 2. b3 Bf5 3. Bb2 e6 4. g3 Nf6 5. Nh4 Bg6 6. Bg2 Be7 7. O-O Nbd7 8. d3 c6 9. Nd2 O-O 10. Nxg6 hxg6 11. e4 Qc7 12. f4 dxe4 13. dxe4 e5 14.
Nc4 exf4 15. gxf4 b5 16. Nd2 Rad8 17. Qe2 Nc5 18. Rad1 Ne6 19. Bxf6 Bxf6 20. e5 Be7 21. Qg4 Qb6+ 22. Kh1 Qe3 23. Qg3 Qxg3 24. hxg3 Nd4 25. Be4 Ne2 1/2-1/2

[Event "*** SCC Grand Prix: Titled Tuesday Blitz"]
[Site "Chess.com"]
[Date "2020.07.07"]
[Round "3"]
[White "Sanyura"]
[Black "aisha_zakirova"]
[Result "1-0"]
[WhiteElo "2474"]
[BlackElo "2134"]
[TimeControl "180+1"]
[EndTime "10:25:03 PDT"]
[Termination "Sanyura won by resignation"]

1. Nf3 Nf6 2. g3 d5 3. d3 c5 4. Nbd2 Nc6 5. Bg2 e5 6. O-O Be7 7. e4 d4 8. Nc4 Qc7 9. a4 O-O 10.
Nh4 b6 11. Nf5 Bxf5 12. exf5 a6 13. f4 e4 14. dxe4 b5 15. axb5 axb5 16. Rxa8 Rxa8 17. Ne5 Nxe5 18. fxe5 Nd7 19. f6 Bf8 20. fxg7 Bxg7 21.
e6 fxe6 22. Qg4 Qe5 23. Bf4 Qf6 24. e5 Qg6 25. Qxg6 hxg6 26. Bxa8 1-0

[Event "*** SCC Grand Prix: Titled Tuesday Blitz"]
[Site "Chess.com"]
[Date "2020.07.07"]
[Round "3"]
[White "Kate1606"]
[Black "tk22h"]
[Result "0-1"]
[WhiteElo "1419"]
[BlackElo "2288"]
[TimeControl "180+1"]
[EndTime "10:25:20 PDT"]
[Termination "tk22h won by checkmate"]

1. e4 e5 2. Nf3 Nc6 3. d4 exd4 4. Bc4 Nf6 5. e5 Ne4 6. O-O Be7 7. Re1 d5 8. Bb5 O-O 9. Bxc6 bxc6 10. Nxd4 Bc5 11. f3 Ng5 12. f4 Ne4 13. Be3 f5 14.
Nxc6 Qd7 15. Bxc5 Qxc6 16. Bxf8 Qb6+ 17. Kh1 Nf2+ 18. Kg1 Nh3+ 19. Kh1 Qg1+ 20. Rxg1 Nf2# 0-1

[Event "*** SCC Grand Prix: Titled Tuesday Blitz"]
[Site "Chess.com"]
[Date "2020.07.07"]
[Round "3"]
[White "deribas12345"]
[Black "XiaoKangZhong"]
[Result "1-0"]
[WhiteElo "2607"]
[BlackElo "2407"]
[TimeControl "180+1"]
[EndTime "10:25:26 PDT"]
[Termination "deribas12345 won by resignation"]

1. d4 Nf6 2. c4 g6 3. Nc3 d5 4. Bg5 Ne4 5. Bh4 Nxc3 6. bxc3 Bg7 7. Nf3 O-O 8. e3 dxc4 9. Bxc4 Nd7 10. O-O Nf6 11. Ne5 c6 12. Qb3 Nd5 13. e4 Bxe5 14.
dxe5 Nb6 15. Rad1 Qc7 16. e6 f6 17. Bg3 Qd8 18. Rxd8 Rxd8 19. Bc7 Rd2 20. Bf4 Rd8 21. Rd1 Re8 22. h4 Kg7 23. a4 Nxc4 24. Qxc4 a5 25. Bc7 Kf8 26. Rd8 b5 27. Rxe8+ 1-0

[Event "*** SCC Grand Prix: Titled Tuesday Blitz"]
[Site "Chess.com"]
[Date "2020.07.07"]
[Round "3"]
[White "Fandorine"]
[Black "fmshawnrl123"]
[Result "1-0"]
[WhiteElo "2885"]
[BlackElo "2642"]
[TimeControl "180+1"]
[EndTime "10:25:28 PDT"]
[Termination "Fandorine won by resignation"]

1. e4 c6 2. Nf3 d5 3. d3 dxe4 4.
dxe4 Qxd1+ 5. Kxd1 g6 6. Nbd2 Bg7 7. Ne1 Nf6 8. Nd3 O-O 9. c3 Rd8 10. Kc2 a5 11. a4 Na6 12. f3 Nd7 13. Nc4 Nac5 14.
Nxc5 Nxc5 15. Be3 Ne6 16. Bb6 Rf8 17. Rd1 f5 18. exf5 Rxf5 19. Be3 b5 20. Nb6 Rb8 21.
Nxc8 Rxc8 22. Bd3 Re5 23. Rhe1 bxa4 24. Bc4 Kf8 25. f4 Re4 26. Bd3 Rxf4 27. Bxf4 Nxf4 28.
Rf1 1-0

[Event "*** SCC Grand Prix: Titled Tuesday Blitz"]
[Site "Chess.com"]
[Date "2020.07.07"]
[Round "3"]
[White "Undisputed92"]
[Black "random_mango"]
[Result "1-0"]
[WhiteElo "2568"]
[BlackElo "2370"]
[TimeControl "180+1"]
[EndTime "10:25:35 PDT"]
[Termination "Undisputed92 won by resignation"]

1. e4 e5 2. Nf3 Nc6 3. Bb5 a6 4. Ba4 Nf6 5. O-O Be7 6. d3 b5 7.
Bb3 d6 8. a3 O-O 9. Nc3 Bg4 10.
Be3 Nd4 11. Bxd4 exd4 12. Nd5 Nd7 13. h3 Bxf3 14. Qxf3 c6 15. Nf4 Bg5 16. Ne2 c5 17. Qg3 Qf6 18. Bd5 Rae8 19. f4 Bh4 20. Qf3 Qh6 21.
a4 Nb6 22. Bc6 Nxa4 23. Bxe8 Rxe8 24. b3 Nc3 25. Nxc3 dxc3 26. Rxa6 Bf6 27. e5 dxe5 28. fxe5 1-0

[Event "*** SCC Grand Prix: Titled Tuesday Blitz"]
[Site "Chess.com"]
[Date "2020.07.07"]
[Round "3"]
[White "AldokhinIvan"]
[Black "Chessdemon2019"]
[Result "1-0"]
[WhiteElo "2519"]
[BlackElo "2289"]
[TimeControl "180+1"]
[EndTime "10:25:44 PDT"]
[Termination "AldokhinIvan won by resignation"]

1. e4 c5 2. Nf3 d6 3. d4 cxd4 4. Nxd4 Nf6 5. Nc3 a6 6. Bc4 e6 7. Bb3 Nbd7 8. O-O Nc5 9. Re1 Be7 10. Qf3 O-O 11. Qg3 b5 12. Bh6 Ne8 13. Nc6 Qc7 14.
Nxe7+ Qxe7 15. Rad1 Bb7 16. Bg5 Qc7 17. e5 dxe5 18. Qh4 f6 19. Be3 Nxb3 20. axb3 Qc6 21.
f3 Nc7 22. Ne4 Rad8 23. Bc5 Rfe8 24. c4 Rxd1 25. Rxd1 f5 26. Rd6 fxe4 27. Rxc6 Bxc6 28. fxe4 bxc4 29. bxc4 Ba4 30. Bd6 Na8 31. Bxe5 Nb6 32. Qg5 1-0

[Event "*** SCC Grand Prix: Titled Tuesday Blitz"]
[Site "Chess.com"]
[Date "2020.07.07"]
[Round "3"]
[White "Oneofmyturns"]
[Black "Gahan-MG"]
[Result "1-0"]
[WhiteElo "2725"]
[BlackElo "2495"]
[TimeControl "180+1"]
[EndTime "10:25:57 PDT"]
[Termination "Oneofmyturns won by resignation"]

1. d4 Nf6 2. c4 e5 3. dxe5 Ng4 4. Bf4 g5 5. Bg3 Bg7 6. Nf3 Nc6 7. h4 Ngxe5 8. Nxe5 Nxe5 9. Nc3 Nxc4 10. Qb3 d5 11. e4 c6 12. O-O-O Nb6 13. exd5 Nxd5 14. Nxd5 cxd5 15. Bb5+ Kf8 16. Rxd5 Qf6 17. hxg5 Qg6 18. Qb4+ 1-0

[Event "*** SCC Grand Prix: Titled Tuesday Blitz"]
[Site "Chess.com"]
[Date "2020.07.07"]
[Round "3"]
[White "aa175"]
[Black "lukas_111111"]
[Result "1-0"]
[WhiteElo "2359"]
[BlackElo "2511"]
[TimeControl "180+1"]
[EndTime "10:26:01 PDT"]
[Termination "aa175 won by checkmate"]

1. d4 d5 2. Bf4 Nf6 3. e3 e6 4. Nf3 c5 5. Nbd2 Bd6 6. c3 O-O 7. Bd3 Qc7 8. Bxd6 Qxd6 9. Ne5 Nfd7 10. f4 Nc6 11. h4 Ne7 12. g4 f6 13. Nxd7 Bxd7 14.
Nf3 Nc6 15. Qc2 e5 16. Bxh7+ Kh8 17. dxe5 fxe5 18. Ng5 e4 19. O-O-O Bxg4 20. Bxe4 Bxd1 21. Rxd1 Qe7 22. Bxd5 g6 23. Qxg6 Rf6 24. Qh5+ Kg7 25. Qh7+ Kf8 26. Qh8# 1-0

[Event "*** SCC Grand Prix: Titled Tuesday Blitz"]
[Site "Chess.com"]
[Date "2020.07.07"]
[Round "3"]
[White "Riptide27"]
[Black "PawnEatingZombie"]
[Result "1-0"]
[WhiteElo "2520"]
[BlackElo "2197"]
[TimeControl "180+1"]
[EndTime "10:26:01 PDT"]
[Termination "Riptide27 won by resignation"]

1. d4 d5 2. c4 e6 3. Nc3 Bb4 4. e3 Nf6 5. Bd2 O-O 6. Nf3 c5 7. a3 Bxc3 8. Bxc3 Ne4 9. Rc1 Nc6 10. dxc5 Nxc3 11. Rxc3 dxc4 12. Qxd8 Rxd8 13. Bxc4 a5 14.
Ke2 e5 15. Ng5 Rf8 16. Rd1 Bf5 17. Bd5 h6 18. Nf3 Rfe8 19. Nd2 a4 20. Ne4 Bxe4 21. Bxe4 Red8 22. Rxd8+ Rxd8 23. Rd3 Rxd3 24. Kxd3 Na5 25. Kc3 1-0

[Event "*** SCC Grand Prix: Titled Tuesday Blitz"]
[Site "Chess.com"]
[Date "2020.07.07"]
[Round "3"]
[White "ExtremeLearner"]
[Black "Fighter008"]
[Result "1-0"]
[WhiteElo "2335"]
[BlackElo "2578"]
[TimeControl "180+1"]
[EndTime "10:26:06 PDT"]
[Termination "ExtremeLearner won by resignation"]

1. d4 Nf6 2. c4 g6 3. Nc3 Bg7 4.
e4 d6 5. Nf3 O-O 6. Be2 Nbd7 7.
O-O e5 8. Be3 Ng4 9. Bg5 f6 10.
Bc1 h5 11. h3 Nh6 12. Be3 c6 13. dxe5 dxe5 14. c5 Qe7 15. Bc4+ Kh7 16. b4 Nf7 17. Qb3 g5 18. g4 hxg4 19. hxg4 Nb8 20. Nh2 Nh8 21. f3 Ng6 22. Kf2 Nf4 23. Rh1 Be6 24. Nf1+ Kg6 25. Ng3 Nd7 26. Bxf4 exf4 27. Nf5 Bxc4 28.
Nxe7+ Kf7 29. Qxc4+ Kxe7 30. Rh7 Rg8 31. Rd1 Ne5 32.
Qd4 Rad8 33. Rxg7+ Rxg7 34. Qxd8+ Kf7 35. Rd6 1-0

[Event "*** SCC Grand Prix: Titled Tuesday Blitz"]
[Site "Chess.com"]
[Date "2020.07.07"]
[Round "3"]
[White "FairChess_on_YouTube"]
[Black "RaphCamora"]
[Result "1-0"]
[WhiteElo "2993"]
[BlackElo "2459"]
[TimeControl "180+1"]
[EndTime "10:26:13 PDT"]
[Termination "FairChess_on_YouTube won by resignation"]

1. d4 d5 2. c4 e6 3. Nc3 c6 4. e3 Nf6 5. Nf3 Nbd7 6. Be2 dxc4 7. a4 a6 8. O-O Be7 9. Bxc4 c5 10. Ba2 O-O 11. d5 exd5 12. Nxd5 Nxd5 13. Qxd5 Nf6 14. Qe5 Qd6 15. e4 Qxe5 16. Nxe5 Nxe4 17. Re1 Bf5 18. g4 Ng5 19. Bxg5 Bxg5 20. gxf5 1-0

[Event "*** SCC Grand Prix: Titled Tuesday Blitz"]
[Site "Chess.com"]
[Date "2020.07.07"]
[Round "3"]
[White "gui_borba"]
[Black "Carnivoras"]
[Result "0-1"]
[WhiteElo "2334"]
[BlackElo "2596"]
[TimeControl "180+1"]
[EndTime "10:26:18 PDT"]
[Termination "Carnivoras won by resignation"]

1. d4 d5 2. Bf4 Nf6 3. e3 Bf5 4. Nf3 e6 5. c4 c6 6. Bd3 Qb6 7.
Bxf5 exf5 8. Qb3 Nbd7 9. Nc3 Qxb3 10. axb3 Bb4 11. Ke2 O-O 12. Ne5 Nxe5 13. Bxe5 Ne4 14. Nxe4 fxe4 15. Ra4 Be7 16. Rha1 a6 17. c5 f6 18. Bg3 f5 19. Rb4 Ra7 20. Bc7 Rc8 21. Bb6 Raa8 22. Ba5 Ra7 23. Bb6 Raa8 24. Ba5 Rab8 25. f4 b5 26. Bb6 Ra8 27. Ra5 Kf7 28. Kf2 Ke6 29. g3 Rg8 30. h4 Kd7 31.
h5 Kc8 32. Ra1 Kb7 33. Ba5 Raf8 34. Rh1 Rf7 35. Rh4 Bxh4 0-1

[Event "*** SCC Grand Prix: Titled Tuesday Blitz"]
[Site "Chess.com"]
[Date "2020.07.07"]
[Round "3"]
[White "Nara_Kh"]
[Black "aljado"]
[Result "0-1"]
[WhiteElo "2298"]
[BlackElo "2110"]
[TimeControl "180+1"]
[EndTime "10:26:18 PDT"]
[Termination "aljado won by resignation"]

1. e4 c5 2. Be2 Nc6 3. f4 b6 4.
Nf3 Bb7 5. O-O g6 6. d3 Bg7 7. c3 e6 8. Be3 Nge7 9. Nbd2 d5 10. e5 d4 11. Bf2 Nd5 12. Ne4 O-O 13. Qd2 dxc3 14. bxc3 Ba6 15. c4 Nde7 16. Bh4 Nd4 17.
Kh1 Ndf5 18. Bf6 Bb7 19. Bxg7 Kxg7 20. Nf6 Nd4 21. Nxd4 Qxd4 22. Bf3 Bxf3 23. Rxf3 Qxa1+ 0-1

[Event "*** SCC Grand Prix: Titled Tuesday Blitz"]
[Site "Chess.com"]
[Date "2020.07.07"]
[Round "3"]
[White "FearNoEvil12"]
[Black "Konek-Gorbunok"]
[Result "1-0"]
[WhiteElo "2051"]
[BlackElo "2284"]
[TimeControl "180+1"]
[EndTime "10:26:20 PDT"]
[Termination "FearNoEvil12 won on time"]

1. e4 c5 2. Nc3 a6 3. a4 Nc6 4. f4 d6 5. Nf3 e6 6. Bc4 Nf6 7. d3 Be7 8. O-O O-O 9. Bb3 Rb8 10. Qe1 b5 11. axb5 axb5 12. e5 dxe5 13. fxe5 Nd7 14.
Qg3 Kh8 15. Ne4 Nb6 16. c3 Qxd3 17. Neg5 Qg6 18. Nh4 Qh5 19. Bd1 1-0

[Event "*** SCC Grand Prix: Titled Tuesday Blitz"]
[Site "Chess.com"]
[Date "2020.07.07"]
[Round "3"]
[White "kidagent"]
[Black "SamuelGhimpu2003"]
[Result "0-1"]
[WhiteElo "2241"]
[BlackElo "2500"]
[TimeControl "180+1"]
[EndTime "10:26:27 PDT"]
[Termination "SamuelGhimpu2003 won by resignation"]

1. e4 e6 2. d4 d5 3. Nc3 Nf6 4. e5 Nfd7 5. f4 c5 6. Nf3 Nc6 7. Be3 Be7 8. Qd2 O-O 9. dxc5 Qa5 10.
O-O-O b6 11. Bb5 Nb4 12. a3 bxc5 13. Bxd7 Bxd7 14. axb4 cxb4 15. Nb1 Rfc8 16. Nd4 Qa2 17. Qd3 a5 18. Kd2 a4 19. Ke2 Qxb2 20. Nd2 Rc3 21. Rb1 Qa3 22. Nb5 0-1

[Event "*** SCC Grand Prix: Titled Tuesday Blitz"]
[Site "Chess.com"]
[Date "2020.07.07"]
[Round "3"]
[White "inegrepus"]
[Black "SiddharthGMJagadeesh"]
[Result "0-1"]
[WhiteElo "2182"]
[BlackElo "2444"]
[TimeControl "180+1"]
[EndTime "10:26:28 PDT"]
[Termination "SiddharthGMJagadeesh won by resignation"]

1. d4 Nf6 2. c4 g6 3. g3 c6 4. Qa4 Bg7 5. Nc3 O-O 6. d5 b5 7. cxb5 cxd5 8. Bg2 e6 9. e4 dxe4 10.
Nxe4 Nxe4 11. Bxe4 d5 12. Bg2 Nd7 13. Ne2 Nb6 14.
Qb3 a6 15. Be3 axb5 16. Qxb5 Nc4 17. Bd4 Ba6 18. Qb3 Rb8 19. Qd1 Qa5+ 20. Bc3 Bxc3+ 21. bxc3 Nb2 22. Qc2 Nd3+ 23. Kf1 Rb2 24. Qd1 Nxf2 25. Kxf2 Rxe2+ 26. Qxe2 Bxe2 27. Kxe2 Qxc3 28. Rhc1 Qb2+ 29. Kf1 Ra8 30. a4 Rxa4 31. Rc8+ Kg7 32. Rxa4 Qb5+ 33. Rac4 dxc4 34. Ke1 Qb1+ 35. Kf2 Qb2+ 36. Kg1 c3 37. Be4 Qc1+ 38. Kg2 Qd2+ 39. Kh3 e5 40. Rc7 Qd4 41. Bc2 e4 42. Bb3 Qf6 0-1

[Event "*** SCC Grand Prix: Titled Tuesday Blitz"]
[Site "Chess.com"]
[Date "2020.07.07"]
[Round "3"]
[White "ammarzooqi"]
[Black "Djager97"]
[Result "1-0"]
[WhiteElo "2175"]
[BlackElo "2389"]
[TimeControl "180+1"]
[EndTime "10:26:30 PDT"]
[Termination "ammarzooqi won by resignation"]

1. e4 c5 2. Nc3 Nc6 3. f4 g6 4.
Nf3 Bg7 5. d3 e6 6. g4 Nge7 7.
Bg2 d5 8. O-O O-O 9. Qe1 Nd4 10.
f5 Nxc2 11. Qh4 exf5 12. Bh6 fxg4 13. Ng5 f6 14. Bxg7 fxg5 15. Qh6 Rxf1+ 16. Rxf1 Bf5 17. exf5 Nxf5 18. Rxf5 gxf5 19. Bxd5+ Qxd5 20. Nxd5 1-0

[Event "*** SCC Grand Prix: Titled Tuesday Blitz"]
[Site "Chess.com"]
[Date "2020.07.07"]
[Round "3"]
[White "Shuvalov"]
[Black "Mazetovic"]
[Result "0-1"]
[WhiteElo "2518"]
[BlackElo "2748"]
[TimeControl "180+1"]
[EndTime "10:26:34 PDT"]
[Termination "Mazetovic won by resignation"]

1. Nf3 Nf6 2. c4 g6 3. Nc3 Bg7 4.
d4 O-O 5. e4 d6 6. Be2 Na6 7.
O-O e5 8. Be3 c6 9. h3 Qe7 10. Qc2 exd4 11. Nxd4 Re8 12. Bf3 Nc5 13. Rfe1 a5 14. Rad1 Nfd7 15. b3 Nf8 16. Bf4 Be5 17. Bc1 Nfe6 18. Nde2 Ng5 19. Bxg5 Qxg5 20. Kh1 Qf6 21.
Ng1 Bxc3 22. Re2 Be5 23. g3 Bxh3 0-1

[Event "*** SCC Grand Prix: Titled Tuesday Blitz"]
[Site "Chess.com"]
[Date "2020.07.07"]
[Round "3"]
[White "BeanScreen"]
[Black "OtherGabe"]
[Result "1-0"]
[WhiteElo "2571"]
[BlackElo "2369"]
[TimeControl "180+1"]
[EndTime "10:26:37 PDT"]
[Termination "BeanScreen won by resignation"]

1. e4 c5 2. Nf3 e6 3. d4 cxd4 4. Nxd4 Nc6 5. Nc3 Qc7 6. g3 a6 7.
Bg2 Nf6 8. O-O Be7 9. Re1 O-O 10.
Nxc6 dxc6 11. e5 Rd8 12. Qf3 Nd5 13. Nxd5 cxd5 14. c3 b5 15. Be3 Bb7 16. Bd4 Rab8 17. b4 a5 18. a3 Bc6 19. h4 Ra8 20. h5 h6 21. Qg4 Ra6 22. Bf1 Rda8 23. Rad1 axb4 24.
axb4 Ra2 25. Bd3 Bd7 26. Re3 Ra1 27. Rxa1 Rxa1+ 28. Kg2 Rc1 29. Rf3 Be8 30. Be3 Kh8 31.
Bxc1 Qxc3 32. Bxb5 Qxc1 33. Bxe8 Qc4 34. Qxc4 1-0

[Event "*** SCC Grand Prix: Titled Tuesday Blitz"]
[Site "Chess.com"]
[Date "2020.07.07"]
[Round "3"]
[White "Bastiandash"]
[Black "thedjoker98"]
[Result "1-0"]
[WhiteElo "2335"]
[BlackElo "2512"]
[TimeControl "180+1"]
[EndTime "10:26:37 PDT"]
[Termination "Bastiandash won by resignation"]

1. d4 d5 2. Nf3 Nf6 3. c3 g6 4.
Bg5 Ne4 5. Bf4 Bg7 6. Nbd2 O-O 7. e3 c5 8. Be2 Nc6 9. O-O Re8 10. Nxe4 dxe4 11.
Nd2 e5 12. dxe5 Bxe5 13. Bxe5 Rxe5 14. Qc2 Bf5 15. Rfd1 Qe7 16. Nc4 Re6 17. Rd5 h5 18. Rad1 Rd8 19. Qd2 Kg7 20. Rxd8 Nxd8 21. Qxd8 b5 22.
Qxe7 1-0

[Event "*** SCC Grand Prix: Titled Tuesday Blitz"]
[Site "Chess.com"]
[Date "2020.07.07"]
[Round "3"]
[White "VitaliyBernadskiy"]
[Black "GianmarcoVaR"]
[Result "1-0"]
[WhiteElo "2761"]
[BlackElo "2532"]
[TimeControl "180+1"]
[EndTime "10:26:38 PDT"]
[Termination "VitaliyBernadskiy won by resignation"]

1. e4 c6 2. d4 d5 3. f3 dxe4 4. fxe4 e5 5. Nf3 Bg4 6. Bc4 Nd7 7. O-O Ngf6 8. h3 Bxf3 9. Qxf3 exd4 10. e5 Nxe5 11. Re1 Bd6 12. Bf4 Qa5 13. b4 Bxb4 14.
Rxe5+ 1-0

[Event "*** SCC Grand Prix: Titled Tuesday Blitz"]
[Site "Chess.com"]
[Date "2020.07.07"]
[Round "3"]
[White "realmadridtv"]
[Black "MoreChessJulia"]
[Result "1-0"]
[WhiteElo "2464"]
[BlackElo "1828"]
[TimeControl "180+1"]
[EndTime "10:26:40 PDT"]
[Termination "realmadridtv won by resignation"]

1. e4 g6 2. d4 Bg7 3. Nc3 c5 4. dxc5 Bxc3+ 5. bxc3 Qa5 6. Qd4 Nf6 7. Qb4 Qxb4 8.
cxb4 Nxe4 9. Bd3 d5 10. Bb2 O-O 11. c4 Be6 12. Ne2 a5 13. Nf4 axb4 14. cxd5 Bf5 15.
g4 Nxf2 16. Kxf2 Bxd3 17. Nxd3 Ra4 18. Rhc1 Nd7 19. c6 bxc6 20. dxc6 Nb6 21. Ke2 Rfa8 22. Bd4 Nd5 23. Rc5 Rxa2+ 24. Rxa2 Rxa2+ 25. Kf3 Nc7 26. Be5 Ra7 27. Bxc7 Rxc7 28. Nxb4 e6 29. Na6 Rc8 30. c7 f6 31. Rb5 Kf7 32. Rb8 1-0

[Event "*** SCC Grand Prix: Titled Tuesday Blitz"]
[Site "Chess.com"]
[Date "2020.07.07"]
[Round "3"]
[White "boo786"]
[Black "tylityli"]
[Result "1-0"]
[WhiteElo "2423"]
[BlackElo "2167"]
[TimeControl "180+1"]
[EndTime "10:26:41 PDT"]
[Termination "boo786 won by resignation"]

1. Nf3 Nc6 2. d4 d5 3. Bf4 Bg4 4. Nbd2 e6 5. h3 Bh5 6. e3 Bd6 7. Bb5 Ne7 8. O-O O-O 9. c3 a6 10. Ba4 b5 11. Bc2 Bg6 12. Bxd6 cxd6 13. Bxg6 Nxg6 14.
e4 dxe4 15. Nxe4 Nce7 16. Qd2 Nd5 17. a4 Qb6 18. Rfe1 Qc6 19. h4 bxa4 20. h5 Nge7 21. h6 g6 22. Nfg5 Nf5 23. Rac1 Nxh6 24. c4 Ne7 25. d5 Qd7 26. Nf6+ 1-0